Anaheim Ducks vs Winnipeg Jets
Created - Tuesday, October 17, 2023 at 07:13
Goals
|
| Anaheim Ducks |
4 |
2 |
1 |
7 |
| Winnipeg Jets |
0 |
1 |
0 |
1 |
|
Shots
|
| Anaheim Ducks |
22 |
9 |
3 |
34 |
| Winnipeg Jets |
6 |
22 |
6 |
34 |
|
1st period
1. Anaheim Ducks , William Nylander 27 (Esa Lindell 11) at 3:26
2. Anaheim Ducks , Nazem Kadri 4 (William Nylander 35, Joshua Morrissey 8) at 7:26
3. Anaheim Ducks , Alex Killorn 10 (Max Domi 17, Chandler Stephenson 13) at 18:37
4. Anaheim Ducks , Mark Scheifele 20 (William Nylander 36, John Tavares 35) at 18:53
Penalties :
No Penalty
2nd period
5. Anaheim Ducks , William Nylander 28 (John Tavares 36, Mark Scheifele 21) at 3:00 (PP)
6. Winnipeg Jets , Nick Suzuki 15 (Dylan Samberg 5) at 12:37
7. Anaheim Ducks , Calle Jarnkrok 4 (Nazem Kadri 7, Joshua Morrissey 9) at 15:23
Penalties :
Barclay Goodrow (WPG) for Hooking (Minor) at 2:32, Mark Borowiecki (WPG) for High sticking (Minor) at 8:08, Ivan Provorov (ANA) for Hooking (Minor) at 8:23, William Nylander (ANA) for Hooking (Minor) at 12:54
3rd period
8. Anaheim Ducks , Mark Scheifele 21 (William Nylander 37, John Tavares 37) at 16:24
Penalties :
Chandler Stephenson (ANA) for High sticking (Minor) at 3:35, Dante Fabbro (WPG) for Hooking (Minor) at 8:10, Brenden Dillon (ANA) for Hooking (Minor) at 11:59, Barclay Goodrow (WPG) for Interference (Minor) at 18:50
Goalie Stats
Linus Ullmark (ANA), 33 saves from 34 shots - (0.971), W, 20-9-5, 60:00 minutes
Spencer Knight (WPG), 27 saves from 34 shots - (0.794), L, 6-5-1, 60:00 minutes
Players Stats for Anaheim Ducks
Player Name G A P +/- PIM S H SB GA TA FO MP PP MP PK MP
------------------------------------------------------------------------------------
Alex Killorn 1 0 1 1 0 5 0 0 2 2 0/1 16:45 1:04 3:08
Brayden Schenn 0 0 0 0 0 2 1 0 1 0 1/2 13:25 1:04 1:33
Brenden Dillon 0 0 0 1 2 0 1 4 0 0 0/0 20:11 0:40 2:12
Calle Jarnkrok 1 0 1 2 0 2 0 0 0 0 0/1 7:53 0:00 0:00
Chandler Stephenson 0 1 1 1 2 1 1 0 1 0 7/12 15:49 1:04 2:13
Esa Lindell 0 1 1 5 0 0 1 0 0 1 0/0 24:17 0:40 3:13
Ivan Provorov 0 0 0 -1 2 0 1 1 0 1 0/0 16:48 0:14 2:56
J.T. Compher 0 0 0 0 0 1 1 1 0 0 1/5 13:38 0:00 2:31
Jakob Chychrun 0 0 0 1 0 2 0 0 0 0 0/0 20:15 2:56 1:05
John Tavares 0 3 3 2 0 3 1 1 1 1 23/37 20:18 2:47 0:00
Josh Manson 0 0 0 -1 0 1 2 1 0 1 0/0 16:26 0:00 2:50
Joshua Morrissey 0 2 2 5 0 3 2 2 0 1 0/0 22:17 3:11 0:08
Mark Scheifele 2 1 3 2 0 4 3 1 0 0 0/0 20:31 2:47 0:01
Mason Marchment 0 0 0 2 0 0 1 0 0 1 0/0 7:53 0:00 0:00
Max Domi 0 1 1 1 0 2 3 0 0 0 0/0 13:54 0:00 0:35
Nazem Kadri 1 1 2 2 0 1 0 0 0 0 3/4 7:53 0:00 0:00
Teuvo Teravainen 0 0 0 0 0 2 0 0 0 1 0/0 13:30 0:00 2:23
William Nylander 2 3 5 2 2 5 0 0 3 0 2/4 20:17 2:47 0:00
Players Stats for Winnipeg Jets
Player Name G A P +/- PIM S H SB GA TA FO MP PP MP PK MP
------------------------------------------------------------------------------------
Alex DeBrincat 0 0 0 -2 0 1 1 0 1 0 2/4 18:04 2:33 1:58
Andrew Cogliano 0 0 0 0 0 0 2 0 0 0 0/1 12:09 0:00 0:00
Barclay Goodrow 0 0 0 -2 4 2 1 0 0 0 0/0 15:27 3:11 0:00
Calen Addison 0 0 0 0 0 1 3 0 0 0 0/0 21:19 3:26 0:00
Connor McDavid 0 0 0 -2 0 5 4 0 0 0 7/18 18:14 2:52 1:53
Dante Fabbro 0 0 0 -4 2 4 0 0 0 0 0/0 22:27 2:46 1:07
Dylan Samberg 0 1 1 0 0 1 2 4 0 0 0/0 19:53 0:15 1:45
Joel Armia 0 0 0 -1 0 3 2 1 1 0 0/0 10:37 0:00 0:00
Kaapo Kakko 0 0 0 -2 0 3 1 1 1 1 1/2 15:29 3:11 0:00
Kaiden Guhle 0 0 0 -4 0 4 0 1 0 4 0/0 23:32 2:46 2:32
Lucas Raymond 0 0 0 -2 0 1 1 0 1 1 0/1 18:04 2:33 1:58
Mark Borowiecki 0 0 0 -1 2 0 0 2 0 2 0/0 15:26 0:15 1:19
Matthew Beniers 0 0 0 0 0 3 1 0 2 0 5/9 12:44 0:13 0:00
Nick Suzuki 1 0 1 -2 0 2 0 2 1 0 11/24 18:35 3:26 1:53
Pius Suter 0 0 0 -1 0 0 0 0 0 0 0/1 10:37 0:00 0:00
Sam Steel 0 0 0 -1 0 2 1 0 2 0 2/5 11:12 0:13 0:00
Ty Smith 0 0 0 -1 0 0 0 3 0 0 0/0 18:03 3:11 0:59
Yegor Sharangovich 0 0 0 0 0 2 1 0 0 0 1/1 12:29 0:09 0:00
3 Stars
1 - William Nylander (ANA)
2 - Mark Scheifele (ANA)
3 - Joshua Morrissey (ANA)
Power Play
Anaheim Ducks - 1 on 4 Attempt(s) - 25.00%
Winnipeg Jets - 0 on 4 Attempt(s) - 0.00%
Penalty Kill
Anaheim Ducks - 4 on 4 Attempt(s) - 100.00%
- Score 0 goal in Penalty Kill
Winnipeg Jets - 3 on 4 Attempt(s) - 75.00%
- Score 0 goal in Penalty Kill
Team Stat
Anaheim Ducks - Hits : 18 - Faceoff Wins : 37 - Blocked Shots : 11 - Penalty Minutes : 8
Winnipeg Jets - Hits : 20 - Faceoff Wins : 29 - Blocked Shots : 14 - Penalty Minutes : 8
Official
Referees : Trevor Hanson and Frederick L'Ecuyer
Linesman : Brad Kovachik and Vaughan Rody
Game Notes
No Game Note
Finance
Level 1 -- Attendance: 5313 (88.55%) -- Ticket Income $488,796
Level 2 -- Attendance: 4322 (86.44%) -- Ticket Income $237,710
Level 3 -- Attendance: 2634 (87.80%) -- Ticket Income $79,020
Level 4 -- Attendance: 4312 (86.24%) -- Ticket Income $94,864
Luxury Box -- Attendance: 965 (96.50%) -- Ticket Income $183,350
Game was played at the MTS Centre.
Total Attendance: 17546 (87.73%)
Total Ticket Income: $1,083,740
Other Income: $379,309
Total Income: $1,463,049
Anaheim Ducks
5 vs 5 Forward
Center Left Wing Right Wing Time % Phy DF OF
1 John Tavares William Nylander Mark Scheifele 40 1 2 2
2 Chandler Stephenson Alex Killorn Max Domi 30 1 2 2
3 J.T. Compher Teuvo Teravainen Brayden Schenn 20 1 2 2
4 Nazem Kadri Mason Marchment Calle Jarnkrok 10 1 2 2
5 vs 5 Defense
Defense Defense Time % Phy DF OF
1 Esa Lindell Joshua Morrissey 40 1 2 2
2 Brenden Dillon Jakob Chychrun 35 1 2 2
3 Ivan Provorov Josh Manson 25 1 2 2
4 Esa Lindell Ivan Provorov 0 1 2 2
PowerPlay Forward
Center Left Wing Right Wing Time % Phy DF OF
1 John Tavares Mark Scheifele William Nylander 60 1 1 3
2 Chandler Stephenson Alex Killorn Brayden Schenn 40 1 1 3
PowerPlay Defense
Defense Defense Time % Phy DF OF
1 Joshua Morrissey Jakob Chychrun 55 1 2 2
2 Esa Lindell Brenden Dillon 45 1 2 2
Penalty Kill 4 Players Forward
Center Wing Time % Phy DF OF
1 Chandler Stephenson Alex Killorn 55 1 3 1
2 J.T. Compher Teuvo Teravainen 45 1 3 1
Penalty Kill 4 Players Defense
Defense Defense Time % Phy DF OF
1 Esa Lindell Brenden Dillon 50 1 3 1
2 Ivan Provorov Josh Manson 50 1 3 1
Penalty Kill - 3 Players Forward
Forward Time % Phy DF OF
1 Alex Killorn 50 1 3 1
2 J.T. Compher 50 1 3 1
Penalty Kill - 3 Players Defense
Defense Defense Time % Phy DF OF
1 Esa Lindell Brenden Dillon 50 1 3 1
2 Ivan Provorov Josh Manson 50 1 3 1
4 vs 4 Forward
Center Wing Time % Phy DF OF
1 John Tavares William Nylander 50 1 2 2
2 Max Domi Mark Scheifele 50 1 2 2
4 vs 4 Defense
Defense Defense Time % Phy DF OF
1 Esa Lindell Josh Manson 50 1 2 2
2 Brenden Dillon Joshua Morrissey 50 1 2 2
Last Minutes Offensive
Center Left Wing Right Wing Defense Defense
John Tavares William Nylander Mark Scheifele Joshua Morrissey Jakob Chychrun
Last Minutes Defensive
Center Left Wing Right Wing Defense Defense
Chandler Stephenson Alex Killorn Teuvo Teravainen Brenden Dillon Esa Lindell
Goaltenders
Starting : Linus Ullmark
Backup : Jack Campbell
Extra Forwards
Normal : William Nylander, John Tavares, Mark Scheifele - PP : William Nylander, Mark Scheifele - PK : Alex Killorn
Extra Defensemen
Normal : Josh Manson, Esa Lindell, Brenden Dillon - PP : Joshua Morrissey - PK : Esa Lindell, Josh Manson
Penalty Shots
William Nylander, Teuvo Teravainen, Mark Scheifele, Calle Jarnkrok, Alex Killorn
Winnipeg Jets
5 vs 5 Forward
Center Left Wing Right Wing Time % Phy DF OF
1 Connor McDavid Alex DeBrincat Lucas Raymond 30 1 2 2
2 Nick Suzuki Barclay Goodrow Kaapo Kakko 30 1 2 2
3 Matthew Beniers Andrew Cogliano Yegor Sharangovich 25 1 2 2
4 Sam Steel Pius Suter Joel Armia 15 1 2 2
5 vs 5 Defense
Defense Defense Time % Phy DF OF
1 Dante Fabbro Kaiden Guhle 35 1 2 2
2 Calen Addison Dylan Samberg 35 1 2 2
3 Ty Smith Mark Borowiecki 30 1 2 2
4 Dante Fabbro Kaiden Guhle 0 1 2 2
PowerPlay Forward
Center Left Wing Right Wing Time % Phy DF OF
1 Connor McDavid Alex DeBrincat Lucas Raymond 50 1 2 2
2 Nick Suzuki Barclay Goodrow Kaapo Kakko 50 1 2 2
PowerPlay Defense
Defense Defense Time % Phy DF OF
1 Dante Fabbro Kaiden Guhle 50 1 2 2
2 Calen Addison Ty Smith 50 1 2 2
Penalty Kill 4 Players Forward
Center Wing Time % Phy DF OF
1 Connor McDavid Nick Suzuki 50 1 2 2
2 Alex DeBrincat Lucas Raymond 50 1 2 2
Penalty Kill 4 Players Defense
Defense Defense Time % Phy DF OF
1 Kaiden Guhle Dante Fabbro 50 1 2 2
2 Dylan Samberg Mark Borowiecki 50 1 2 2
Penalty Kill - 3 Players Forward
Forward Time % Phy DF OF
1 Connor McDavid 50 1 2 2
2 Nick Suzuki 50 1 2 2
Penalty Kill - 3 Players Defense
Defense Defense Time % Phy DF OF
1 Kaiden Guhle Dante Fabbro 50 1 2 2
2 Dylan Samberg Mark Borowiecki 50 1 2 2
4 vs 4 Forward
Center Wing Time % Phy DF OF
1 Connor McDavid Nick Suzuki 50 1 2 2
2 Alex DeBrincat Lucas Raymond 50 1 2 2
4 vs 4 Defense
Defense Defense Time % Phy DF OF
1 Dante Fabbro Kaiden Guhle 50 1 2 2
2 Calen Addison Dylan Samberg 50 1 2 2
Last Minutes Offensive
Center Left Wing Right Wing Defense Defense
Connor McDavid Alex DeBrincat Lucas Raymond Dante Fabbro Kaiden Guhle
Last Minutes Defensive
Center Left Wing Right Wing Defense Defense
Connor McDavid Alex DeBrincat Lucas Raymond Dante Fabbro Kaiden Guhle
Goaltenders
Starting : Spencer Knight
Backup : Pavel Francouz
Extra Forwards
Normal : Sam Steel, Matthew Beniers, Andrew Cogliano - PP : Sam Steel, Matthew Beniers - PK : Andrew Cogliano
Extra Defensemen
Normal : Kaiden Guhle, Ty Smith, Dante Fabbro - PP : Kaiden Guhle - PK : Dylan Samberg, Dante Fabbro
Penalty Shots
Connor McDavid, Nick Suzuki, Alex DeBrincat, Lucas Raymond, Matthew Beniers
% Time on Ice - Anaheim Ducks
Lines # - Real PCT - Wanted PCT - Time Play
Normal Forward
1 - 35% - 40% - 16:44
2 - 26% - 30% - 12:43
3 - 23% - 20% - 10:53
4 - 16% - 10% - 7:53
Normal Defense
1 - 40% - 40% - 19:08
2 - 36% - 35% - 17:14
3 - 25% - 25% - 11:51
4 - 0% - 0% - 0:00
PP Forward
1 - 72% - 60% - 2:47
2 - 28% - 40% - 1:04
PP Defense
1 - 83% - 55% - 3:11
2 - 17% - 45% - 0:40
PK Forward
1 - 61% - 55% - 3:48
2 - 39% - 45% - 2:24
PK Defense
1 - 65% - 50% - 4:00
2 - 35% - 50% - 2:12
PK3 Forward
1 - 0% - 50%
2 - 0% - 50%
PK3 Defense
1 - 0% - 50%
2 - 0% - 50%
44 Forward
1 - 49% - 50% - 0:51
2 - 51% - 50% - 0:53
44 Defense
1 - 66% - 50% - 1:09
2 - 34% - 50% - 0:35
Last Minute Offensive - 0:00
Last Minute Defensive - 0:00
Total
Forward - 60:00
Defense - 60:00
|
% Time on Ice - Winnipeg Jets
Lines # - Real PCT - Wanted PCT - Time Play
Normal Forward
1 - 26% - 30% - 12:44
2 - 26% - 30% - 12:43
3 - 25% - 25% - 12:09
4 - 22% - 15% - 10:37
Normal Defense
1 - 35% - 35% - 16:55
2 - 36% - 35% - 17:27
3 - 29% - 30% - 13:51
4 - 0% - 0% - 0:00
PP Forward
1 - 49% - 50% - 3:01
2 - 51% - 50% - 3:11
PP Defense
1 - 45% - 50% - 2:46
2 - 55% - 50% - 3:26
PK Forward
1 - 49% - 50% - 1:53
2 - 51% - 50% - 1:58
PK Defense
1 - 81% - 50% - 3:06
2 - 19% - 50% - 0:45
PK3 Forward
1 - 0% - 50%
2 - 0% - 50%
PK3 Defense
1 - 0% - 50%
2 - 0% - 50%
44 Forward
1 - 54% - 50% - 0:56
2 - 46% - 50% - 0:48
44 Defense
1 - 56% - 50% - 0:58
2 - 44% - 50% - 0:46
Last Minute Offensive - 0:00
Last Minute Defensive - 0:00
Total
Forward - 60:00
Defense - 60:00
|
Play-by-Play
1st period
0:01 of 1st period - John Tavares wins face-off versus Connor McDavid in neutral zone.
1:18 of 1st period - Slapshot by Joel Armia.
1:18 of 1st period - Shot Blocked by Brenden Dillon.
1:20 of 1st period - Wrist shot by Pius Suter.
1:20 of 1st period - Shot Misses the Net.
1:39 of 1st period - Connor McDavid is hit by Mark Scheifele and loses puck.
2:20 of 1st period - Snap shot by Yegor Sharangovich.
2:20 of 1st period - Stopped by Linus Ullmark with a rebound.
2:22 of 1st period - Snap shot by Yegor Sharangovich.
2:22 of 1st period - Stopped by Linus Ullmark without a rebound.
2:23 of 1st period - John Tavares wins face-off versus Sam Steel in Anaheim Ducks zone.
2:28 of 1st period - Joel Armia is hit by Josh Manson and loses puck.
2:37 of 1st period - Wrist shot by John Tavares.
2:37 of 1st period - Deflect By William Nylander.
2:37 of 1st period - Deflect By Pius Suter.
2:37 of 1st period - Shot Blocked by Joel Armia.
2:37 of 1st period - Puck is out of play.
2:38 of 1st period - Chandler Stephenson wins face-off versus Connor McDavid in Winnipeg Jets zone.
2:46 of 1st period - Slapshot by Alex Killorn.
2:46 of 1st period - Shot Blocked by Dylan Samberg.
2:54 of 1st period - Ivan Provorov is hit by Calen Addison and loses puck.
3:11 of 1st period - Wrist shot by Nick Suzuki.
3:11 of 1st period - Stopped by Linus Ullmark without a rebound.
3:12 of 1st period - John Tavares wins face-off versus Nick Suzuki in Anaheim Ducks zone.
3:26 of 1st period - Slapshot by William Nylander.
3:26 of 1st period - Goal by William Nylander - Anaheim Ducks : 1 - Winnipeg Jets : 0.
3:27 of 1st period - Matthew Beniers wins face-off versus J.T. Compher in neutral zone.
4:56 of 1st period - Yegor Sharangovich is hit by Joshua Morrissey and loses puck.
5:20 of 1st period - Snap shot by John Tavares.
5:20 of 1st period - Stopped by Spencer Knight with a rebound.
5:22 of 1st period - Wrist shot by Josh Manson.
5:22 of 1st period - Deflect By William Nylander.
5:22 of 1st period - Shot Blocked by Dylan Samberg.
5:22 of 1st period - Puck is out of play.
5:23 of 1st period - John Tavares wins face-off versus Nick Suzuki in Winnipeg Jets zone.
5:24 of 1st period - Wrist shot by William Nylander.
5:24 of 1st period - Shot Misses the Net.
5:26 of 1st period - Snap shot by Jakob Chychrun.
5:26 of 1st period - Stopped by Spencer Knight without a rebound.
5:27 of 1st period - John Tavares wins face-off versus Matthew Beniers in Winnipeg Jets zone.
5:34 of 1st period - Wrist shot by William Nylander.
5:34 of 1st period - Stopped by Spencer Knight without a rebound.
5:35 of 1st period - Chandler Stephenson wins face-off versus Matthew Beniers in Winnipeg Jets zone.
6:00 of 1st period - Snap shot by Alex DeBrincat.
6:00 of 1st period - Shot Blocked by Josh Manson.
6:02 of 1st period - Snap shot by Connor McDavid.
6:02 of 1st period - Shot Misses the Net.
6:04 of 1st period - Snap shot by Connor McDavid.
6:04 of 1st period - Shot Blocked by Ivan Provorov.
6:06 of 1st period - Snap shot by Dylan Samberg.
6:06 of 1st period - Shot Blocked by John Tavares.
6:46 of 1st period - Slapshot by Teuvo Teravainen.
6:46 of 1st period - Stopped by Spencer Knight with a rebound.
6:48 of 1st period - Slapshot by Teuvo Teravainen.
6:48 of 1st period - Shot Blocked by Ty Smith.
6:50 of 1st period - Wrist shot by Brayden Schenn.
6:50 of 1st period - Shot Misses the Net.
6:52 of 1st period - Slapshot by Josh Manson.
6:52 of 1st period - Stopped by Spencer Knight with a rebound.
7:06 of 1st period - Snap shot by Alex Killorn.
7:06 of 1st period - Shot Hit the Post.
7:08 of 1st period - Slapshot by Max Domi.
7:08 of 1st period - Stopped by Spencer Knight with a rebound.
7:26 of 1st period - Snap shot by Nazem Kadri.
7:26 of 1st period - Goal by Nazem Kadri - Anaheim Ducks : 2 - Winnipeg Jets : 0.
7:27 of 1st period - John Tavares wins face-off versus Kaapo Kakko in neutral zone.
7:30 of 1st period - Snap shot by William Nylander.
7:30 of 1st period - Stopped by Spencer Knight with a rebound.
7:42 of 1st period - Slapshot by Kaapo Kakko.
7:42 of 1st period - Stopped by Linus Ullmark with a rebound.
7:49 of 1st period - Icing by Brenden Dillon.
7:50 of 1st period - Chandler Stephenson wins face-off versus Connor McDavid in Anaheim Ducks zone.
8:22 of 1st period - Wrist shot by Mark Scheifele.
8:22 of 1st period - Shot Misses the Net.
9:38 of 1st period - Snap shot by Brayden Schenn.
9:38 of 1st period - Shot Blocked by Mark Borowiecki.
9:40 of 1st period - Snap shot by Teuvo Teravainen.
9:40 of 1st period - Shot Misses the Net.
9:42 of 1st period - Snap shot by Brenden Dillon.
9:42 of 1st period - Deflect By Brayden Schenn.
9:42 of 1st period - Stopped by Spencer Knight with a rebound.
9:44 of 1st period - Wrist shot by Teuvo Teravainen.
9:44 of 1st period - Stopped by Spencer Knight with a rebound.
9:46 of 1st period - Slapshot by Brenden Dillon.
9:46 of 1st period - Shot Misses the Net.
9:48 of 1st period - Slapshot by Brayden Schenn.
9:48 of 1st period - Shot Blocked by Ty Smith.
11:02 of 1st period - Snap shot by Teuvo Teravainen.
11:02 of 1st period - Shot Misses the Net.
11:04 of 1st period - Slapshot by Jakob Chychrun.
11:04 of 1st period - Shot Misses the Net.
11:06 of 1st period - Snap shot by Brayden Schenn.
11:06 of 1st period - Stopped by Spencer Knight without a rebound.
11:07 of 1st period - John Tavares wins face-off versus Alex DeBrincat in Winnipeg Jets zone.
11:33 of 1st period - Kaapo Kakko is hit by Joshua Morrissey and loses puck.
11:38 of 1st period - Snap shot by Chandler Stephenson.
11:38 of 1st period - Stopped by Spencer Knight without a rebound.
11:39 of 1st period - Matthew Beniers wins face-off versus Chandler Stephenson in Winnipeg Jets zone.
12:06 of 1st period - Snap shot by Nazem Kadri.
12:06 of 1st period - Shot Misses the Net.
12:08 of 1st period - Slapshot by Ivan Provorov.
12:08 of 1st period - Shot Misses the Net.
12:27 of 1st period - Icing by Lucas Raymond.
12:28 of 1st period - John Tavares wins face-off versus Connor McDavid in Winnipeg Jets zone.
12:59 of 1st period - Snap shot by Alex DeBrincat.
12:59 of 1st period - Stopped by Linus Ullmark with a rebound.
13:41 of 1st period - Dylan Samberg is hit by Mark Scheifele.
14:30 of 1st period - Wrist shot by Matthew Beniers.
14:30 of 1st period - Shot Misses the Net.
14:48 of 1st period - Icing by Sam Steel.
14:49 of 1st period - John Tavares wins face-off versus Sam Steel in Winnipeg Jets zone.
14:52 of 1st period - Snap shot by William Nylander.
14:52 of 1st period - Stopped by Spencer Knight without a rebound.
14:53 of 1st period - Sam Steel wins face-off versus William Nylander in Winnipeg Jets zone.
15:02 of 1st period - Slapshot by Pius Suter.
15:02 of 1st period - Shot Blocked by Mark Scheifele.
15:20 of 1st period - Snap shot by John Tavares.
15:20 of 1st period - Shot Misses the Net.
15:22 of 1st period - Backhand shot by John Tavares.
15:22 of 1st period - Shot Blocked by Ty Smith.
15:24 of 1st period - Slapshot by Joshua Morrissey.
15:24 of 1st period - Stopped by Spencer Knight with a rebound.
15:26 of 1st period - Wrist shot by John Tavares.
15:26 of 1st period - Stopped by Spencer Knight with a rebound.
15:28 of 1st period - Slapshot by Joshua Morrissey.
15:28 of 1st period - Shot Hit the Post.
15:30 of 1st period - Slapshot by Joshua Morrissey.
15:30 of 1st period - Shot Misses the Net.
15:32 of 1st period - Slapshot by William Nylander.
15:32 of 1st period - Shot Misses the Net.
15:34 of 1st period - Snap shot by Esa Lindell.
15:34 of 1st period - Shot Blocked by Mark Borowiecki.
15:44 of 1st period - Off-side.
15:45 of 1st period - Nick Suzuki wins face-off versus Chandler Stephenson in neutral zone.
15:52 of 1st period - Wrist shot by Nick Suzuki.
15:52 of 1st period - Shot Misses the Net.
16:16 of 1st period - Wrist shot by Connor McDavid.
16:16 of 1st period - Deflect By Alex DeBrincat.
16:16 of 1st period - Shot Misses the Net.
16:16 of 1st period - Puck is out of play.
16:17 of 1st period - Nazem Kadri wins face-off versus Connor McDavid in Anaheim Ducks zone.
16:17 of 1st period - Nazem Kadri is hit by Connor McDavid.
16:25 of 1st period - Wrist shot by Connor McDavid.
16:25 of 1st period - Shot Blocked by Brenden Dillon.
16:54 of 1st period - Wrist shot by Max Domi.
16:54 of 1st period - Stopped by Spencer Knight with a rebound.
17:04 of 1st period - John Tavares is hit by Dylan Samberg and loses puck.
18:13 of 1st period - Snap shot by Alex Killorn.
18:13 of 1st period - Stopped by Spencer Knight with a rebound.
18:15 of 1st period - Wrist shot by Alex Killorn.
18:15 of 1st period - Stopped by Spencer Knight without a rebound.
18:16 of 1st period - John Tavares wins face-off versus Matthew Beniers in Winnipeg Jets zone.
18:29 of 1st period - Slapshot by Matthew Beniers.
18:29 of 1st period - Shot Misses the Net.
18:31 of 1st period - Slapshot by Dante Fabbro.
18:31 of 1st period - Stopped by Linus Ullmark without a rebound.
18:32 of 1st period - Chandler Stephenson wins face-off versus Nick Suzuki in Anaheim Ducks zone.
18:37 of 1st period - Wrist shot by Alex Killorn.
18:37 of 1st period - Goal by Alex Killorn - Anaheim Ducks : 3 - Winnipeg Jets : 0.
18:38 of 1st period - John Tavares wins face-off versus Nick Suzuki in neutral zone.
18:49 of 1st period - Wrist shot by John Tavares.
18:49 of 1st period - Shot Misses the Net.
18:51 of 1st period - Snap shot by William Nylander.
18:51 of 1st period - Shot Blocked by Nick Suzuki.
18:53 of 1st period - Snap shot by Mark Scheifele.
18:53 of 1st period - Goal by Mark Scheifele - Anaheim Ducks : 4 - Winnipeg Jets : 0.
18:54 of 1st period - John Tavares wins face-off versus Connor McDavid in neutral zone.
19:04 of 1st period - Icing by Lucas Raymond.
19:05 of 1st period - John Tavares wins face-off versus Lucas Raymond in Winnipeg Jets zone.
19:12 of 1st period - Mark Scheifele is hit by Alex DeBrincat and loses puck.
19:21 of 1st period - Wrist shot by Mark Scheifele.
19:21 of 1st period - Stopped by Spencer Knight with a rebound.
19:34 of 1st period - Off-side.
19:35 of 1st period - Chandler Stephenson wins face-off versus Matthew Beniers in neutral zone.
Goals for this period are 4 for Anaheim Ducks vs 0 for Winnipeg Jets.
Shots for this period are 22 for Anaheim Ducks vs 6 for Winnipeg Jets.
2nd period
0:01 of 2nd period - Nick Suzuki wins face-off versus John Tavares in neutral zone.
1:09 of 2nd period - Off-side.
1:10 of 2nd period - Nazem Kadri wins face-off versus Pius Suter in neutral zone.
1:47 of 2nd period - Slapshot by Kaiden Guhle.
1:47 of 2nd period - Shot Misses the Net.
1:49 of 2nd period - Snap shot by Pius Suter.
1:49 of 2nd period - Shot Misses the Net.
1:51 of 2nd period - Slapshot by Dante Fabbro.
1:51 of 2nd period - Stopped by Linus Ullmark with a rebound.
1:53 of 2nd period - Snap shot by Pius Suter.
1:53 of 2nd period - Shot Misses the Net.
1:55 of 2nd period - Slapshot by Kaiden Guhle.
1:55 of 2nd period - Stopped by Linus Ullmark with a rebound.
1:57 of 2nd period - Slapshot by Joel Armia.
1:57 of 2nd period - Stopped by Linus Ullmark without a rebound.
1:58 of 2nd period - Nick Suzuki wins face-off versus John Tavares in Anaheim Ducks zone.
2:09 of 2nd period - Wrist shot by Barclay Goodrow.
2:09 of 2nd period - Stopped by Linus Ullmark without a rebound.
2:10 of 2nd period - John Tavares wins face-off versus Nick Suzuki in Anaheim Ducks zone.
2:10 of 2nd period - John Tavares is hit by Barclay Goodrow.
2:32 of 2nd period - Minor Penalty to Barclay Goodrow for Hooking.
2:33 of 2nd period - John Tavares wins face-off versus Connor McDavid in Winnipeg Jets zone.
2:40 of 2nd period - Slapshot by Mark Scheifele.
2:40 of 2nd period - Shot Misses the Net.
2:42 of 2nd period - Slapshot by Jakob Chychrun.
2:42 of 2nd period - Stopped by Spencer Knight with a rebound.
2:44 of 2nd period - Slapshot by Joshua Morrissey.
2:44 of 2nd period - Shot Blocked by Kaiden Guhle.
2:46 of 2nd period - Backhand shot by Joshua Morrissey.
2:46 of 2nd period - Stopped by Spencer Knight without a rebound.
2:47 of 2nd period - John Tavares wins face-off versus Alex DeBrincat in Winnipeg Jets zone.
3:00 of 2nd period - Snap shot by John Tavares.
3:00 of 2nd period - Deflect By William Nylander.
3:00 of 2nd period - Goal by William Nylander - Anaheim Ducks : 5 - Winnipeg Jets : 0.
3:01 of 2nd period - Connor McDavid wins face-off versus John Tavares in neutral zone.
3:04 of 2nd period - Snap shot by Lucas Raymond.
3:04 of 2nd period - Stopped by Linus Ullmark without a rebound.
3:05 of 2nd period - Connor McDavid wins face-off versus William Nylander in Anaheim Ducks zone.
3:06 of 2nd period - Wrist shot by Alex DeBrincat.
3:06 of 2nd period - Deflect By Connor McDavid.
3:06 of 2nd period - Stopped by Linus Ullmark with a rebound.
3:08 of 2nd period - Snap shot by Alex DeBrincat.
3:08 of 2nd period - Shot Hit the Post.
3:10 of 2nd period - Wrist shot by Kaiden Guhle.
3:10 of 2nd period - Stopped by Linus Ullmark without a rebound.
3:11 of 2nd period - Connor McDavid wins face-off versus John Tavares in Anaheim Ducks zone.
3:17 of 2nd period - Slapshot by Kaiden Guhle.
3:17 of 2nd period - Shot Misses the Net.
3:19 of 2nd period - Backhand shot by Connor McDavid.
3:19 of 2nd period - Shot Blocked by Joshua Morrissey.
3:21 of 2nd period - Slapshot by Kaiden Guhle.
3:21 of 2nd period - Shot Misses the Net.
3:23 of 2nd period - Slapshot by Dante Fabbro.
3:23 of 2nd period - Shot Misses the Net.
3:25 of 2nd period - Wrist shot by Connor McDavid.
3:25 of 2nd period - Shot Misses the Net.
3:31 of 2nd period - Wrist shot by Alex DeBrincat.
3:31 of 2nd period - Shot Misses the Net.
3:33 of 2nd period - Wrist shot by Connor McDavid.
3:33 of 2nd period - Stopped by Linus Ullmark with a rebound.
3:35 of 2nd period - Snap shot by Dante Fabbro.
3:35 of 2nd period - Shot Misses the Net.
3:37 of 2nd period - Snap shot by Dante Fabbro.
3:37 of 2nd period - Stopped by Linus Ullmark with a rebound.
3:39 of 2nd period - Wrist shot by Alex DeBrincat.
3:39 of 2nd period - Shot Misses the Net.
4:19 of 2nd period - Wrist shot by Alex DeBrincat.
4:19 of 2nd period - Shot Misses the Net.
4:43 of 2nd period - Snap shot by Connor McDavid.
4:43 of 2nd period - Deflect By Alex DeBrincat.
4:43 of 2nd period - Shot Blocked by Joshua Morrissey.
4:43 of 2nd period - Puck is out of play.
4:44 of 2nd period - Chandler Stephenson wins face-off versus Nick Suzuki in Anaheim Ducks zone.
4:57 of 2nd period - Snap shot by Barclay Goodrow.
4:57 of 2nd period - Stopped by Linus Ullmark without a rebound.
4:58 of 2nd period - Matthew Beniers wins face-off versus Chandler Stephenson in Anaheim Ducks zone.
5:21 of 2nd period - Ty Smith is hit by Max Domi and loses puck.
5:58 of 2nd period - Wrist shot by Alex Killorn.
5:58 of 2nd period - Stopped by Spencer Knight without a rebound.
5:59 of 2nd period - J.T. Compher wins face-off versus Nick Suzuki in Winnipeg Jets zone.
6:06 of 2nd period - Wrist shot by J.T. Compher.
6:06 of 2nd period - Stopped by Spencer Knight with a rebound.
6:30 of 2nd period - Nazem Kadri is hit by Calen Addison and loses puck.
6:46 of 2nd period - Icing by Mason Marchment.
6:47 of 2nd period - William Nylander wins face-off versus Connor McDavid in Anaheim Ducks zone.
7:24 of 2nd period - John Tavares is hit by Joel Armia and loses puck.
8:08 of 2nd period - Minor Penalty to Mark Borowiecki for High sticking.
8:09 of 2nd period - Connor McDavid wins face-off versus Chandler Stephenson in Winnipeg Jets zone.
8:23 of 2nd period - Minor Penalty to Ivan Provorov for Hooking.
8:24 of 2nd period - Connor McDavid wins face-off versus John Tavares in Anaheim Ducks zone.
8:50 of 2nd period - Lucas Raymond is hit by Mark Scheifele.
9:12 of 2nd period - Josh Manson is hit by Calen Addison and loses puck.
9:38 of 2nd period - Dante Fabbro is hit by John Tavares.
10:08 of 2nd period - Penalty to Mark Borowiecki is over, Mark Borowiecki is back on ice.
10:18 of 2nd period - Snap shot by Chandler Stephenson.
10:18 of 2nd period - Shot Blocked by Dylan Samberg.
10:20 of 2nd period - Slapshot by Joshua Morrissey.
10:20 of 2nd period - Shot Blocked by Nick Suzuki.
10:22 of 2nd period - Wrist shot by Chandler Stephenson.
10:22 of 2nd period - Shot Misses the Net.
10:23 of 2nd period - Penalty to Ivan Provorov is over, Ivan Provorov is back on ice.
10:24 of 2nd period - Slapshot by Jakob Chychrun.
10:24 of 2nd period - Deflect By Chandler Stephenson.
10:24 of 2nd period - Shot Misses the Net.
10:24 of 2nd period - Puck is out of play.
10:25 of 2nd period - Yegor Sharangovich wins face-off versus J.T. Compher in Winnipeg Jets zone.
10:53 of 2nd period - Snap shot by Matthew Beniers.
10:53 of 2nd period - Shot Blocked by Brenden Dillon.
10:55 of 2nd period - Wrist shot by Sam Steel.
10:55 of 2nd period - Stopped by Linus Ullmark without a rebound.
10:56 of 2nd period - William Nylander wins face-off versus Sam Steel in Anaheim Ducks zone.
11:00 of 2nd period - Off-side.
11:01 of 2nd period - Nick Suzuki wins face-off versus John Tavares in neutral zone.
11:08 of 2nd period - Snap shot by Kaapo Kakko.
11:08 of 2nd period - Stopped by Linus Ullmark with a rebound.
11:14 of 2nd period - Slapshot by Joshua Morrissey.
11:14 of 2nd period - Shot Misses the Net.
11:16 of 2nd period - Slapshot by Esa Lindell.
11:16 of 2nd period - Shot Misses the Net.
11:18 of 2nd period - Wrist shot by John Tavares.
11:18 of 2nd period - Stopped by Spencer Knight with a rebound.
11:28 of 2nd period - Alex Killorn is hit by Dylan Samberg.
12:13 of 2nd period - Snap shot by Joel Armia.
12:13 of 2nd period - Stopped by Linus Ullmark with a rebound.
12:15 of 2nd period - Slapshot by Dante Fabbro.
12:15 of 2nd period - Stopped by Linus Ullmark with a rebound.
12:17 of 2nd period - Slapshot by Kaiden Guhle.
12:17 of 2nd period - Stopped by Linus Ullmark without a rebound.
12:18 of 2nd period - Sam Steel wins face-off versus John Tavares in Anaheim Ducks zone.
12:29 of 2nd period - Slapshot by Sam Steel.
12:29 of 2nd period - Stopped by Linus Ullmark without a rebound.
12:30 of 2nd period - Nick Suzuki wins face-off versus John Tavares in Anaheim Ducks zone.
12:37 of 2nd period - Wrist shot by Nick Suzuki.
12:37 of 2nd period - Goal by Nick Suzuki - Anaheim Ducks : 5 - Winnipeg Jets : 1.
12:38 of 2nd period - Nick Suzuki wins face-off versus John Tavares in neutral zone.
12:41 of 2nd period - Slapshot by Kaapo Kakko.
12:41 of 2nd period - Stopped by Linus Ullmark with a rebound.
12:54 of 2nd period - Minor Penalty to William Nylander for Hooking.
12:55 of 2nd period - Kaapo Kakko wins face-off versus Alex Killorn in Anaheim Ducks zone.
13:25 of 2nd period - Alex DeBrincat is hit by Brenden Dillon and loses puck.
14:26 of 2nd period - Josh Manson is hit by Connor McDavid and loses puck.
14:53 of 2nd period - Slapshot by Connor McDavid.
14:53 of 2nd period - Stopped by Linus Ullmark without a rebound.
14:54 of 2nd period - Penalty to William Nylander is over, William Nylander is back on ice.
14:54 of 2nd period - Connor McDavid wins face-off versus John Tavares in Anaheim Ducks zone.
15:15 of 2nd period - Joshua Morrissey is hit by Andrew Cogliano.
15:21 of 2nd period - Snap shot by Calle Jarnkrok.
15:21 of 2nd period - Stopped by Spencer Knight with a rebound.
15:23 of 2nd period - Wrist shot by Calle Jarnkrok.
15:23 of 2nd period - Goal by Calle Jarnkrok - Anaheim Ducks : 6 - Winnipeg Jets : 1.
15:24 of 2nd period - Nick Suzuki wins face-off versus John Tavares in neutral zone.
16:20 of 2nd period - Teuvo Teravainen is hit by Andrew Cogliano and loses puck.
16:33 of 2nd period - Wrist shot by Mason Marchment.
16:33 of 2nd period - Deflect By Calle Jarnkrok.
16:33 of 2nd period - Shot Misses the Net.
16:33 of 2nd period - Puck is out of play.
16:34 of 2nd period - Nick Suzuki wins face-off versus Calle Jarnkrok in Winnipeg Jets zone.
16:41 of 2nd period - Slapshot by Kaiden Guhle.
16:41 of 2nd period - Stopped by Linus Ullmark without a rebound.
16:42 of 2nd period - John Tavares wins face-off versus Nick Suzuki in Anaheim Ducks zone.
17:27 of 2nd period - Snap shot by Alex Killorn.
17:27 of 2nd period - Stopped by Spencer Knight without a rebound.
17:28 of 2nd period - Matthew Beniers wins face-off versus J.T. Compher in Winnipeg Jets zone.
17:37 of 2nd period - Wrist shot by Matthew Beniers.
17:37 of 2nd period - Stopped by Linus Ullmark without a rebound.
17:38 of 2nd period - Matthew Beniers wins face-off versus J.T. Compher in Anaheim Ducks zone.
17:47 of 2nd period - Wrist shot by Yegor Sharangovich.
17:47 of 2nd period - Shot Blocked by Brenden Dillon.
17:49 of 2nd period - Snap shot by Mark Borowiecki.
17:49 of 2nd period - Shot Blocked by J.T. Compher.
17:51 of 2nd period - Wrist shot by Andrew Cogliano.
17:51 of 2nd period - Shot Misses the Net.
18:52 of 2nd period - Wrist shot by Matthew Beniers.
18:52 of 2nd period - Stopped by Linus Ullmark without a rebound.
18:53 of 2nd period - John Tavares wins face-off versus Nick Suzuki in Anaheim Ducks zone.
19:20 of 2nd period - Max Domi is hit by Connor McDavid and loses puck.
Goals for this period are 2 for Anaheim Ducks vs 1 for Winnipeg Jets.
Shots for this period are 9 for Anaheim Ducks vs 22 for Winnipeg Jets.
3rd period
0:01 of 3rd period - Nick Suzuki wins face-off versus John Tavares in neutral zone.
0:03 of 3rd period - Calen Addison is hit by Ivan Provorov and loses puck.
0:26 of 3rd period - Josh Manson is hit by Lucas Raymond and loses puck.
2:14 of 3rd period - Alex Killorn is hit by Matthew Beniers and loses puck.
3:04 of 3rd period - Snap shot by Nick Suzuki.
3:04 of 3rd period - Shot Misses the Net.
3:35 of 3rd period - Minor Penalty to Chandler Stephenson for High sticking.
3:36 of 3rd period - Brayden Schenn wins face-off versus Nick Suzuki in Anaheim Ducks zone.
4:42 of 3rd period - Icing by Barclay Goodrow.
4:43 of 3rd period - Nick Suzuki wins face-off versus Brayden Schenn in Winnipeg Jets zone.
5:35 of 3rd period - Penalty to Chandler Stephenson is over, Chandler Stephenson is back on ice.
5:42 of 3rd period - Mark Scheifele is hit by Yegor Sharangovich and loses puck.
6:01 of 3rd period - Ivan Provorov is hit by Joel Armia and loses puck.
6:26 of 3rd period - Snap shot by Chandler Stephenson.
6:26 of 3rd period - Shot Misses the Net.
6:32 of 3rd period - Matthew Beniers is hit by Chandler Stephenson and loses puck.
7:15 of 3rd period - Kaapo Kakko is hit by J.T. Compher and loses puck.
7:28 of 3rd period - Joel Armia is hit by Mason Marchment and loses puck.
7:57 of 3rd period - Wrist shot by Connor McDavid.
7:57 of 3rd period - Shot Misses the Net.
8:10 of 3rd period - Minor Penalty to Dante Fabbro for Hooking.
8:11 of 3rd period - Alex DeBrincat wins face-off versus John Tavares in Winnipeg Jets zone.
8:21 of 3rd period - Wrist shot by John Tavares.
8:21 of 3rd period - Shot Hit the Post.
8:23 of 3rd period - Wrist shot by William Nylander.
8:23 of 3rd period - Deflect By John Tavares.
8:23 of 3rd period - Shot Misses the Net.
8:23 of 3rd period - Puck is out of play.
8:24 of 3rd period - John Tavares wins face-off versus Connor McDavid in Winnipeg Jets zone.
8:27 of 3rd period - Snap shot by Mark Scheifele.
8:27 of 3rd period - Shot Blocked by Dylan Samberg.
10:10 of 3rd period - Penalty to Dante Fabbro is over, Dante Fabbro is back on ice.
11:59 of 3rd period - Minor Penalty to Brenden Dillon for Hooking.
12:00 of 3rd period - Nick Suzuki wins face-off versus Chandler Stephenson in Anaheim Ducks zone.
12:24 of 3rd period - Kaiden Guhle is hit by Josh Manson and loses puck.
12:52 of 3rd period - Chandler Stephenson is hit by Kaapo Kakko and loses puck.
13:59 of 3rd period - Penalty to Brenden Dillon is over, Brenden Dillon is back on ice.
14:34 of 3rd period - Snap shot by Matthew Beniers.
14:34 of 3rd period - Stopped by Linus Ullmark without a rebound.
14:35 of 3rd period - Nazem Kadri wins face-off versus Andrew Cogliano in Anaheim Ducks zone.
15:23 of 3rd period - Joshua Morrissey is hit by Sam Steel and loses puck.
15:34 of 3rd period - Ty Smith is hit by Max Domi and loses puck.
15:45 of 3rd period - Pius Suter is hit by Brayden Schenn and loses puck.
16:14 of 3rd period - Wrist shot by Sam Steel.
16:14 of 3rd period - Deflect By Joel Armia.
16:14 of 3rd period - Stopped by Linus Ullmark without a rebound.
16:15 of 3rd period - John Tavares wins face-off versus Connor McDavid in Anaheim Ducks zone.
16:24 of 3rd period - Backhand shot by Mark Scheifele.
16:24 of 3rd period - Goal by Mark Scheifele - Anaheim Ducks : 7 - Winnipeg Jets : 1.
16:25 of 3rd period - John Tavares wins face-off versus Nick Suzuki in neutral zone.
16:36 of 3rd period - Slapshot by Mark Scheifele.
16:36 of 3rd period - Stopped by Spencer Knight with a rebound.
16:52 of 3rd period - Connor McDavid is hit by Esa Lindell and loses puck.
17:43 of 3rd period - Icing by Mason Marchment.
17:44 of 3rd period - Connor McDavid wins face-off versus Nazem Kadri in Anaheim Ducks zone.
17:45 of 3rd period - Wrist shot by Alex DeBrincat.
17:45 of 3rd period - Shot Misses the Net.
17:47 of 3rd period - Slapshot by Dylan Samberg.
17:47 of 3rd period - Stopped by Linus Ullmark with a rebound.
17:49 of 3rd period - Slapshot by Calen Addison.
17:49 of 3rd period - Stopped by Linus Ullmark with a rebound.
17:51 of 3rd period - Snap shot by Connor McDavid.
17:51 of 3rd period - Shot Misses the Net.
17:53 of 3rd period - Slapshot by Connor McDavid.
17:53 of 3rd period - Stopped by Linus Ullmark without a rebound.
17:54 of 3rd period - John Tavares wins face-off versus Connor McDavid in Anaheim Ducks zone.
17:54 of 3rd period - John Tavares is hit by Connor McDavid.
18:00 of 3rd period - Slapshot by Joshua Morrissey.
18:00 of 3rd period - Stopped by Spencer Knight without a rebound.
18:01 of 3rd period - John Tavares wins face-off versus Nick Suzuki in Winnipeg Jets zone.
18:08 of 3rd period - Snap shot by Mark Scheifele.
18:08 of 3rd period - Shot Blocked by Kaapo Kakko.
18:34 of 3rd period - Snap shot by Connor McDavid.
18:34 of 3rd period - Shot Misses the Net.
18:36 of 3rd period - Snap shot by Connor McDavid.
18:36 of 3rd period - Stopped by Linus Ullmark without a rebound.
18:37 of 3rd period - Chandler Stephenson wins face-off versus Nick Suzuki in Anaheim Ducks zone.
18:44 of 3rd period - Dante Fabbro is hit by Max Domi and loses puck.
18:50 of 3rd period - Minor Penalty to Barclay Goodrow for Interference.
18:51 of 3rd period - Alex DeBrincat wins face-off versus John Tavares in Winnipeg Jets zone.
Goals for this period are 1 for Anaheim Ducks vs 0 for Winnipeg Jets.
Shots for this period are 3 for Anaheim Ducks vs 6 for Winnipeg Jets.
Back to the Top